 Dungeon Crawl Stone Soup version 0.32-a0-931-g5a2cda0 (webtiles) character file.

Game seed: 17726620195737148162

139 WhiteBreeze the Ruffian (level 5, 0/32 HPs)
             Began as a Troll Shapeshifter on Apr 13, 2024.
             Slain by an orc
             ... wielding a +0 mace
              (7 damage)
             ... on level 3 of the Dungeon.
             The game lasted 00:03:08 (1593 turns).

WhiteBreeze the Ruffian (Troll Shapeshifter)        Turns: 1593, Time: 00:03:08

Health: 0/32       AC:  2    Str: 24    XL:     5   Next: 1%
Magic:  4/4        EV: 12    Int:  6    God:
Gold:   71         SH:  0    Dex:  9    Spells: 4/4 levels left

rFire   . .          .
                       - Unarmed
rCold   + . .        (shield currently unavailable)
rNeg    . . .        a - melded +0 animal skin
rPois   .            (helmet restricted)
rElec   .            (no cloak)
rCorr   .            (gloves unavailable)
SInv    .            (boots unavailable)
Will    .....        (no amulet)
Stlth   +            g - ring of protection from cold
HPRegen 1.05/turn    (no ring)
MPRegen 0.09/turn

%: no passive effects
@: flux-form, glowing
A: glow, contaminating, reduced hp, large, unfitting armour, claws 3,
regeneration 1, shaggy fur 1, tough skin 1
a: Begin Untransformation


You were on level 3 of the Dungeon.
You were something dangerously unstable.
You visited 1 branch of the dungeon, and saw 3 of its levels.

You collected 71 gold pieces.

Inventory:

Armour
 a - a +0 animal skin (melded)
Jewellery
 g - a ring of protection from cold (left claw)
Talismans
 d - a flux talisman (active)
Wands
 m - a wand of polymorph (13)
Scrolls
 e - a scroll of vulnerability {unknown}
 f - a scroll of brand weapon {unknown}
 i - 2 scrolls of amnesia {unknown}
 k - a scroll of teleportation {unknown}
Potions
 b - a potion of lignification
 h - a potion of berserk rage {unknown}
 j - a potion of might {unknown}
 l - a potion of curing {unknown}


   Skills:
 + Level 2.0 Fighting
 - Level 1.7 Dodging
 * Level 4.4 Unarmed Combat
 + Level 3.7 Shapeshifting


You had 4 spell levels left.
You didn't know any spells.
Your spell library contained the following spells:

 Spells                   Type           Power      Damage    Failure   Level
 Foxfire                  Conj/Fire      0%         2x1d4     45%         1


Dungeon Overview and Level Annotations

Branches:
Dungeon (3/15)

Altars:
Hepliaklqana
Sif Muna
Uskayaw


Innate Abilities, Weirdness & Mutations

You are something dangerously unstable.
You glow with magical radiation, making you easy to see and hit.
Foes you strike become dangerously contaminated with magical radiation.
Your maximum health is decreased, since you lack skill for your form.
You are incapable of wielding weapons or throwing items.
You are too large for most types of armour.
You have claws for hands.
Your natural rate of healing is unusually fast.
You are covered in fur. (AC +1)
You have tough skin. (AC +1)


Message History

You drop a beast talisman.
Found a shimmering blue altar of Sif Muna.
There is an open door here.
There is an open door here.
There is a stone staircase leading up here.
An orc comes into view. It is wielding a +0 mace.
Found an escape hatch in the floor.
The orc shouts!
You hear a shout!
An orc priest comes into view. It is wielding a +0 club.
A dart slug comes into view.
An orc comes into view. It is wielding a +0 short sword.
The orc shouts!
The orc hits you with a +0 mace.
You scratch the orc priest but do no damage.
The orc priest begins to glow.
The orc priest calls down the wrath of Beogh upon you.
Beogh smites you! The orc hits you with a +0 mace.
The orc priest shouts, "Beogh offers mercy even to people such as you.
Join us and be reborn!" (press Y on the ability menu to convert to Beogh)
You claw the orc priest!
The orc priest glows dangerously bright.
The orc priest is severely wounded.
The orc priest invokes the aid of Beogh against you.
Pain shoots through your body!
You completely miss the orc priest.
The orc priest is severely wounded.
The orc hits you with a +0 mace.
* * * LOW HITPOINT WARNING * * *
The orc priest hits you with a +0 club.
* * * LOW HITPOINT WARNING * * *
An endoplasm comes into view.
The endoplasm quivers.
The orc priest shouts, "Surrender to Beogh and we'll let you live!"
You claw the orc priest!
You kill the orc priest!
The orc completely misses you. The orc closely misses you.
Your Fighting skill increases to level 2!
You have reached level 5!
The orc hits you with a +0 mace!
You die...

........ #J.....
##...... . #>.....
#.#.#.... ......w#
#.#.)o# ## #...o.###
#.#+ #..#.p..# ..# #
#..### _.. #..########
#####
#......<♣#.._#_..#♣
#......#.##..#..##.
#...##.#..+#.#.#'%.
#......##.#...#####..#
...###.....#.#..♣#♣....
## ##....#...........


You could see a dart slug, 2 orcs and an endoplasm.

Vanquished Creatures
  An orc priest (D:3)
  A gnoll (D:1)
  4 adders (D:2)
  3 dart slugs
  A ribbon worm (D:2)
  An orc (D:3)
  3 ball pythons
  3 endoplasms
  3 giant cockroaches
  5 goblins
  10 hobgoblins
  4 jackals (D:1)
  3 kobolds
  A quokka (D:2)
  3 bats
  2 frilled lizards
  4 rats
52 creatures vanquished.

Notes
Turn   | Place    | Note
-------+----------+-------------------------------------------
     0 | D:1      | WhiteBreeze the Troll Shapeshifter began the quest for the
                  | Orb.
     0 | D:1      | Reached XP level 1. HP: 18/18 MP: 0/0
   138 | D:1      | Reached skill level 1 in Fighting
   138 | D:1      | Reached XP level 2. HP: 19/27 MP: 1/1
   402 | D:1      | Reached XP level 3. HP: 33/33 MP: 2/2
  1008 | D:2      | Found a faded altar of an unknown god.
  1011 | D:2      | Reached XP level 4. HP: 41/41 MP: 3/3
  1019 | D:2      | Reached skill level 4 in Unarmed Combat
  1025 | D:2      | Got Plato's Monograph on Wildfire
  1558 | D:3      | Found a hazy altar of Hepliaklqana.
  1558 | D:3      | Found a hide-covered altar of Uskayaw.
  1565 | D:3      | Found a shimmering blue altar of Sif Muna.
  1593 | D:3      | Reached XP level 5. HP: 6/49 MP: 4/4
  1593 | D:3      | Slain by an orc

Illustrated notes

Levels and vault maps discovered:
D:1:      dpeg_arrival_signposts, layout_basic
D:2:      layout_basic, shapermc_ecumenical_altar_rom_forum,
          kennysheep_generic_room_4
D:3:      layout_basic, nicolae_overflow_quartered_altars, serial_shops,
          nicolae_shop_rolled_up

Skill      XL: |  1  2  3  4 |
---------------+-------------+-----
Fighting       | 1 2 |  2.0
Unarmed Combat | 4 |  4.4
Dodging        | |  1.7
Shapeshifting  | |  3.7

Action                     |  1- 3 |  4- 6 || total
---------------------------+-------+-------++-------
  Melee: Unarmed           |    73 |    31 ||   104
         Punch             |     1 |     1 ||     2
 Armour: Animal skin       |    47 |    12 ||    59
         Skin              |       |     5 ||     5
  Dodge: Dodged            |    42 |     6 ||    48
   Form: Flux              |       |     1 ||     1

Table legend: (Time is in decaauts)
 A = Elapsed time spent in this place.
 B = Non-inter-level travel time spent in this place.
 C = Inter-level travel time spent in this place.
 D = Time resting spent in this place.
 E = Time spent auto-exploring this place.
 F = Levels seen in this place.
 G = Mean time per level.
                   A        B        C        D        E       F      G
               +--------+--------+--------+--------+--------+-----+--------+
         Total |   1584 |   1503 |     81 |      0 |   1260 |   3 |  528.0 |
       Dungeon |   1584 |   1503 |     81 |      0 |   1260 |   3 |  528.0 |
               +--------+--------+--------+--------+--------+-----+--------+

Top non-repeatable levels by time:
     D:1: 804 daAuts
     D:2: 716 daAuts
     D:3: 63 daAuts
